Zazza, neutral female human Tourist # -------------- ------------- ------ |.............#####-............# #-....| ---- |............| |.........>.|# ###|....| |..| #+..........f.| |...........|# # |....| |..| ###|.....r......| ---------.---# ### |....| ---- # |.....@:......## ## # # |....| ### ------.------- # # ### |....| # # ### ### # # --.--- ### # # # # # # ### ####### # # # ### # ----.------ # # # ----- # -.-------- |.........| # # # |...+### |........+####|.........| # # # |...| |........| #|.........| # # # |...-########### |........| |.........|############`# ## ----- # |........| -----------# # -----# -|-------- ##|........| ############## # |.<..# |........| ---------- ##-...|#########.........| ----- ---------- Zazza the Rambler Experience level: 1 Strength: 11 Dexterity: 10 Constitution: 18 Intelligence: 12 Wisdom: 8 Charisma: 14 Health: 0(10) Energy: 2(2) Def: 1 Gold: 401 Moves: 666 Dungeon seed: Jz0AFB8GJHxDbv3G Game ID: Zazza_1605967332 Your Inventory: Coins $ - 401 gold pieces Weapons a - 29 +2 darts (in quiver) p - 2 blessed +1 orcish daggers (wielded) u - 9 +0 silver arrows Armor e - an uncursed +0 Hawaiian shirt (being worn) q - an uncursed +0 orcish helm (being worn) r - a cursed -1 orcish helm Comestibles b - 4 uncursed food rations c - 3 uncursed slime molds d - an uncursed cream pie f - an uncursed tin of jackal meat g - an uncursed carrot h - an uncursed fortune cookie i - an uncursed egg v - an uncursed lichen corpse Scrolls l - 2 blessed scrolls of magic mapping Potions j - an uncursed potion of extra healing k - a blessed potion of extra healing Wands w - a wand of sleep (0:7) Tools n - an expensive camera (0:75) o - an uncursed credit card s - an uncursed figurine of a jackal Spells and supernatural/magical abilities: Name Level Category Fail Memory W - pray for help -- divine ? -- Your skills at the end: Fighting Skills Weapon Skills dart [Basic] Spellcasting Skills Final Attributes: You were aligned. You were levitating. You are dead. Vanquished creatures: a gecko 6 jackals 3 goblins a lichen 4 newts 15 creatures vanquished. Voluntary challenges: You went without food. You used a wielded weapon 2 times, starting on turn 281. You read items or engraved 2 times, starting on turn 357. You never genocided any monsters. You never polymorphed an object. You never changed form. You used no wishes. You never split a pudding. You never wrote Elbereth's name. You never violated your personal moral code. Dungeon overview: The Dungeons of Doom: levels 1 to 3 Level 1 an altar to The Lady, some fountains a long staircase Level 2 a fountain stairs to The Gnomish Mines Level 3 <- You were here The Gnomish Mines: Level 3 stairs to The Dungeons of Doom History has recorded: On T:1 you entered the Dungeons of Doom to retrieve the Amulet of Yendor! On T:312 you reached level 2 of The Dungeons of Doom. On T:346 you reached level 1 of The Gnomish Mines. On T:528 you reached level 3 of The Dungeons of Doom. Score breakdown: Gold: 233 ( 8059 points) Experience: 1 level ( 0 points) Exploration: 3 levels ( 5.66%) ( 5883 points) Discoveries: 2 items ( 0.67%) ( 2457 points) Valuables value: (no points given unless you survive) Artifact value: 0 ( 0 points) Variety of kills: 5 monsters ( 1.31%) ( 3436 points) Turncount: 666 turns ( 0 points) Survival: died (score multiplied by 80%) Total score: 15868 Latest messages: $ - 117 gold pieces. $ - 10 gold pieces. As you read the scroll, it disappears. A map coalesces in your mind! The door resists! The door opens. x - a fizzy potion. You start to float in the air! You hit your head on the ceiling. The door opens. You displace Armand. The door resists! (2x) The door opens. Armand bites the gecko. The gecko misses Armand. Armand bites the gecko. The gecko is killed! The door opens. The sewer rat bites! (3x) The newt bites! (2x) The sewer rat bites! You die... Final status: Aloha Zazza the Tourist, killed by a sewer rat... You died in The Dungeons of Doom on dungeon level 3 with 15868 points, and 401 pieces of gold, after 666 moves. You were level 1 with a maximum of 10 hit points when you died.